[Event "European School-ch 2019"]
[Site "Mamaia"]
[Date "2019.06.04"]
[Round "5.49"]
[White "Aydin, Gulenay"]
[Black "Karaivanova, Petya"]
[Result "1-0"]
[ECO "C49"]
[WhiteElo "1967"]
[BlackElo "1688"]
[Annotator "NA RC"]
[PlyCount "79"]
[EventDate "2019.05.31"]
[EventType "swiss"]
[EventCountry "ROU"]
[SourceTitle "playchess.com"]
[Source "ChessBase"]
[SourceQuality "1"]
[TimeControl "40/5400+30:1800+30"]

1. e4 e5 2. Nf3 Nc6 3. Nc3 Nf6 4. Bb5 Bb4 5. O-O O-O 6. d3 Bxc3 7. bxc3 d6 8. Bg5 h6 9. Be3 Ne7 10. Nh4 a6 11. Bc4 b5 12. Bb3 c5 13. a4 Rb8 14. Qf3 Kh7 15. axb5 axb5 16. Ra7 Bd7 17. h3 Qc8 18. g4 Ng6 19. Nf5 Qd8 20. Kh2 Nh8 21. g5 Ng8 22. Rg1 g6 23. Nxd6 c4 24. dxc4 Be6 25. c5 Ra8 26. Rb7 Ne7 27. gxh6 Rb8 28. Qf6 Nf5 29. Qxd8 Rfxd8 30. exf5 Rxb7 31. Nxb7 Rb8 32. fxe6 Rxb7 33. c6 Rc7 34. Bb6 Rxc6 35. e7 Rc8 36. Bd8 Rxc3 37. e8=Q Rf3 38. Kg2 Rf5 39. Qf8 Rh5 40. Qg7# 1-0

[Event "European School-ch 2019"]
[Site "Mamaia"]
[Date "2019.06.04"]
[Round "5.50"]
[White "Putinceva, Marina"]
[Black "Petricenco, Ana"]
[Result "1/2-1/2"]
[ECO "B10"]
[WhiteElo "1471"]
[BlackElo "1484"]
[Annotator "NA RC"]
[PlyCount "108"]
[EventDate "2019.05.31"]
[EventType "swiss"]
[EventCountry "ROU"]
[SourceTitle "playchess.com"]
[Source "ChessBase"]
[SourceQuality "1"]
[TimeControl "40/5400+30:1800+30"]

1. e4 c6 2. Nf3 d5 3. exd5 cxd5 4. Ne5 Nc6 5. d4 e6 6. Bb5 Bd7 7. Nxd7 Qxd7 8. c3 a6 9. Bd3 Bd6 10. O-O Nf6 11. Nd2 O-O 12. Re1 Qc7 13. Nf3 b5 14. a3 Rfb8 15. Qe2 Nd7 16. Bg5 Na5 17. Ne5 Nxe5 18. dxe5 Be7 19. Bxe7 Qxe7 20. Qh5 g6 21. Qg4 Rc8 22. Qb4 Qc7 23. a4 Nc4 24. Bxc4 bxc4 25. a5 Rab8 26. Qa3 Rb3 27. Qa2 Rcb8 28. Re2 Qc5 29. Rd2 Qb5 30. Rdd1 Rxb2 31. Qa3 Rb3 32. Qe7 Rxc3 33. h3 Rb3 34. Kh2 d4 35. Qd6 d3 36. Rac1 Rc8 37. Qd4 Qc5 38. Qf4 Qd5 39. h4 Ra3 40. h5 Rxa5 41. hxg6 hxg6 42. Kg3 Ra3 43. Kh2 a5 44. Qf6 c3 45. Rh1 d2 46. Rcf1 Qd3 47. f3 Qf5 48. Qe7 Qxe5+ 49. f4 Qc5 50. Qf6 c2 51. g3 c1=Q 52. f5 d1=Q 53. Rxd1 Qf2+ 54. Kh3 Qxg3# {[%emt 0:00:07] Rde1} 1/2-1/2

[Event "European School-ch 2019"]
[Site "Mamaia"]
[Date "2019.06.04"]
[Round "5.51"]
[White "Puia, Alexia-Teodora"]
[Black "Shuqja, Klean"]
[Result "0-1"]
[ECO "D80"]
[WhiteElo "1543"]
[BlackElo "1858"]
[Annotator "NA RC"]
[PlyCount "92"]
[EventDate "2019.05.31"]
[EventType "swiss"]
[EventCountry "ROU"]
[SourceTitle "playchess.com"]
[Source "ChessBase"]
[SourceQuality "1"]
[TimeControl "40/5400+30:1800+30"]

1. d4 Nf6 2. c4 g6 3. Nc3 d5 4. Bg5 Ne4 5. Bf4 Nxc3 6. bxc3 Bg7 7. Nf3 c5 8. cxd5 Qxd5 9. e3 O-O 10. Be2 Nc6 11. O-O {[%emt 0:00:19] D91: Grünfeld: 4 Nf3 Bg7 5 Bg5} h6 (11... cxd4 12. cxd4 Bf5 13. Qa4 Qa5 14. Qxa5 Nxa5 15. Rfc1 Rfc8 16. Rc7 Rxc7 17. Bxc7 Nc6 18. Nh4 Be6 19. Rb1 Bxa2 20. Rxb7 Bd5 {0-1 (61) Miljkovic,M (2524)-Vuckovic,B (2499) Belgrade 2014}) 12. Rc1 $146 ({Predecessor:} 12. Bg3 b6 13. Qa4 Bb7 14. Qa3 cxd4 15. cxd4 Na5 16. Rad1 e6 17. Ne1 Rfc8 18. Bf3 Qd7 19. Bxb7 Qxb7 {0-1 (34) Wazeer Ahmad,K (1846)-Ramnathan,B (2164) Sonipat 2017}) 12... Qxa2 13. d5 Rd8 14. e4 e6 15. Bc7 Rd7 16. d6 c4 17. Nd2 b5 18. f4 Qa3 19. e5 Qc5+ 20. Kh1 a5 21. Ne4 Qe3 22. Bf3 Bb7 23. Qe1 Qxe1 24. Rfxe1 Ne7 25. Rcd1 Bxe4 26. Bxe4 Nd5 27. Bxd5 exd5 28. Rxd5 b4 29. Rxa5 Rxa5 30. Bxa5 b3 31. Bc7 g5 32. f5 b2 33. f6 Bf8 34. Rb1 Kh7 35. Rxb2 h5 36. Rb4 Kg6 37. Rxc4 Kf5 38. Rc5 Ke4 39. Ra5 g4 40. c4 Bh6 41. e6 fxe6 42. Rxh5 Bf4 43. c5 Rf7 44. Bd8 Ra7 45. Kg1 Be3+ 46. Kf1 Kd3 0-1

[Event "European School-ch 2019"]
[Site "Mamaia"]
[Date "2019.06.04"]
[Round "5.52"]
[White "Petrova, Elizaveta"]
[Black "Mamardashvili, Ana"]
[Result "1/2-1/2"]
[ECO "E11"]
[WhiteElo "1570"]
[BlackElo "1415"]
[Annotator "NA RC"]
[PlyCount "81"]
[EventDate "2019.05.31"]
[EventType "swiss"]
[EventCountry "ROU"]
[SourceTitle "playchess.com"]
[Source "ChessBase"]
[SourceQuality "1"]
[TimeControl "40/5400+30:1800+30"]

1. d4 Nf6 2. c4 e6 3. Nf3 Bb4+ 4. Bd2 Be7 5. Nc3 d5 6. e3 O-O 7. Be2 Nbd7 8. O-O c6 9. Qc2 Qc7 10. e4 e5 11. exd5 cxd5 12. dxe5 Nxe5 13. Nxe5 Qxe5 14. cxd5 Nxd5 15. Nxd5 Qxd5 16. Bf3 Qb5 17. Bc3 Be6 18. Qe4 Rab8 19. a4 Qb6 20. Bd4 Bc5 21. Bxc5 Qxc5 22. b4 Qg5 23. Rac1 Bf5 24. Qd4 b6 25. Rfd1 Rfd8 26. Qe5 Re8 27. Qb2 Rbc8 28. g3 Bg4 29. Bxg4 Qxg4 30. Qd2 h6 31. Rxc8 Rxc8 32. Qd7 Qxd7 33. Rxd7 Rc4 34. Rxa7 Rxb4 35. Kg2 g6 36. h4 Kg7 37. a5 bxa5 38. Rxa5 h5 39. Kf3 Rc4 40. Ra6 Rb4 41. Rc6 1/2-1/2

[Event "European School-ch 2019"]
[Site "Mamaia"]
[Date "2019.06.04"]
[Round "5.53"]
[White "Mikhailina, Elena"]
[Black "Obada, Ema"]
[Result "1/2-1/2"]
[ECO "B43"]
[WhiteElo "1699"]
[BlackElo "1889"]
[Annotator "NA RC"]
[PlyCount "86"]
[EventDate "2019.05.31"]
[EventType "swiss"]
[EventCountry "ROU"]
[SourceTitle "playchess.com"]
[Source "ChessBase"]
[SourceQuality "1"]
[TimeControl "40/5400+30:1800+30"]

1. e4 c5 2. Ne2 e6 3. d4 cxd4 4. Nxd4 a6 5. Nc3 b5 6. Bd3 Qb6 7. Nb3 Qc7 8. O-O Nc6 {[%emt 0:00:45] B43: Sicilian: Kan Variation: 5 Nc3} (8... Bb7 9. Qe2 Nf6 10. e5 Nd5 11. Nxd5 Bxd5 12. a4 b4 13. Re1 h6 14. Bf4 Be7 15. Rad1 Bc6 16. Nd4 Bb7 17. Nf5 {1-0 (51) Najer,E (2663)-Ponizil,C (2494) Czech Republic 2019}) 9. a4 b4 10. Na2 $146 ({Predecessor:} 10. Ne2 Nf6 11. f4 Be7 12. Kh1 a5 13. Ned4 Nxd4 14. Nxd4 Bb7 15. Qe2 g6 16. Bd2 {0-1 (36) Kiesel,H (2090)-Simantsev,M (2477) Lueneburg 2017}) 10... Nf6 11. Re1 Bd6 12. h3 O-O 13. c3 bxc3 14. Nxc3 Rb8 15. Nd2 Ne5 16. Bc2 Bc5 17. Nf3 d6 18. Nxe5 dxe5 19. Rb1 Bb7 20. Qf3 Rfd8 21. Rd1 Rxd1+ 22. Qxd1 Bd4 23. Qf3 Ba8 24. Bd2 Qc5 25. Be1 Ne8 26. Qg4 Nd6 27. Bd3 Nc4 28. Qe2 Nd6 29. Qg4 h6 30. Kf1 Bc6 31. Kg1 Rb3 32. Bc2 Rb8 33. Bd3 Rb3 34. Bc2 Rb4 35. Qe2 Bxc3 36. Bxc3 Rc4 37. Rd1 Nxe4 38. Rd8+ Kh7 39. b4 Qb6 40. Qxc4 Qxf2+ 41. Kh2 Qf4+ 42. Kh1 $16 Qc1+ 43. Kh2 Qf4+ 1/2-1/2

[Event "European School-ch 2019"]
[Site "Mamaia"]
[Date "2019.06.04"]
[Round "5.54"]
[White "Ruzic, Pia Marie"]
[Black "Zyapaeva, Polina"]
[Result "1/2-1/2"]
[ECO "A35"]
[WhiteElo "1917"]
[BlackElo "1806"]
[Annotator "NA RC"]
[PlyCount "56"]
[EventDate "2019.05.31"]
[EventType "swiss"]
[EventCountry "ROU"]
[SourceTitle "playchess.com"]
[Source "ChessBase"]
[SourceQuality "1"]
[TimeControl "40/5400+30:1800+30"]

1. c4 c5 2. Nc3 Nc6 3. Nf3 a6 4. g3 g6 5. Bg2 Bg7 6. O-O e5 7. d3 Nge7 8. Ne4 d6 9. Bg5 f5 10. Nf6+ Kf7 11. Nd5 h6 12. Bxe7 Nxe7 13. Ne1 Rf8 14. Nxe7 Qxe7 15. Nc2 Kg8 16. Ne3 Rb8 17. Nd5 Qd8 18. a4 b6 19. Qd2 Kh7 20. Rab1 Bd7 21. b3 a5 22. Rbe1 Be6 23. Nc3 f4 24. Bd5 Bh3 25. Bg2 Be6 26. Bd5 Bh3 27. Bg2 Be6 28. Bd5 Bh3 1/2-1/2

[Event "European School-ch 2019"]
[Site "Mamaia"]
[Date "2019.06.04"]
[Round "5.55"]
[White "Vorobyova, Ekaterina"]
[Black "Bubeeva, Larisa"]
[Result "1-0"]
[ECO "D35"]
[WhiteElo "1795"]
[BlackElo "1548"]
[Annotator "NA RC"]
[PlyCount "83"]
[EventDate "2019.05.31"]
[EventType "swiss"]
[EventCountry "ROU"]
[SourceTitle "playchess.com"]
[Source "ChessBase"]
[SourceQuality "1"]
[TimeControl "40/5400+30:1800+30"]

1. d4 Nf6 2. c4 e6 3. Nc3 d5 4. cxd5 exd5 5. Bg5 Be7 6. Qc2 Be6 7. e3 Nbd7 8. Bd3 h6 9. Bh4 a6 10. Nge2 O-O 11. O-O Nb6 12. Rad1 Rc8 13. Nf4 c5 14. dxc5 Rxc5 15. Qe2 Qd6 16. Bb1 g6 17. Bxf6 Bxf6 18. Ne4 Qe7 19. Nxc5 Qxc5 20. Nxe6 fxe6 21. Qd3 Bg7 22. Qxg6 Rf6 23. Qe8+ Qf8 24. Qxf8+ Rxf8 25. b3 Nd7 26. Rc1 b6 27. Rc7 Rd8 28. Rfc1 a5 29. Rc8 Rxc8 30. Rxc8+ Kf7 31. Bd3 Nc5 32. Bb5 d4 33. Rc7+ Kf8 34. exd4 Bxd4 35. Kf1 Ne4 36. f3 Nd6 37. Bd3 b5 38. Rd7 Bc5 39. Ke2 b4 40. g4 Nf7 41. f4 e5 42. Bc4 1-0

[Event "European School-ch 2019"]
[Site "Mamaia"]
[Date "2019.06.05"]
[Round "6.4"]
[White "Zemnitskiy, Alexander"]
[Black "Bulau, Andrei-Cristian"]
[Result "1-0"]
[ECO "D00"]
[WhiteElo "2024"]
[BlackElo "2244"]
[Annotator "RC"]
[PlyCount "117"]
[EventDate "2019.05.31"]
[EventType "swiss"]
[EventCountry "ROU"]
[SourceTitle "playchess.com"]
[Source "ChessBase"]
[SourceQuality "1"]
[TimeControl "40/5400+30:1800+30"]

1. d4 d5 2. Bf4 c5 3. e3 Nf6 4. c3 Nc6 5. Nd2 Qb6 6. Qb3 c4 7. Qc2 g6 8. Ngf3 Bf5 9. Qc1 Bg7 10. Be2 O-O 11. O-O Nh5 12. Bg5 h6 13. Bh4 g5 14. Bg3 Nxg3 15. hxg3 Rac8 16. Bd1 Bd3 17. Re1 f5 18. Bc2 Be4 19. Nh2 e5 20. Nxe4 fxe4 21. Qd2 exd4 22. exd4 Rf7 23. Rab1 Rcf8 24. f3 exf3 25. Nxf3 Qc7 26. g4 Qd6 27. Re2 Re7 28. Rbe1 Rfe8 29. Bf5 Rxe2 30. Rxe2 Rxe2 31. Qxe2 Kf7 32. Nd2 Bf6 33. Nf1 b5 34. a3 a5 35. Qf3 b4 36. axb4 axb4 37. Ne3 Ne7 38. Bb1 bxc3 39. bxc3 Qa3 40. Nxd5 Qc1+ 41. Kh2 Nxd5 42. Qxd5+ Kg7 43. Qd7+ Kf8 44. Bg6 Qf4+ 45. Kh3 Qe3+ 46. g3 Qe7 47. Qd5 Kg7 48. Be4 Qc7 49. Qf5 Qe7 50. Qg6+ Kf8 51. Bd5 Bg7 52. Bxc4 Qb7 53. Qf5+ Ke8 54. Bd5 Qe7 55. Bc6+ Kd8 56. Qa5+ Qc7 57. Qd5+ Ke7 58. Qe4+ Kd6 59. Qg6+ {[%emt 0:00:35] Kd5} 1-0

[Event "European School-ch 2019"]
[Site "Mamaia"]
[Date "2019.06.05"]
[Round "6.5"]
[White "Ozdemir, Serhan Berat"]
[Black "Farcadi, Hunor"]
[Result "1-0"]
[ECO "B30"]
[WhiteElo "1950"]
[BlackElo "2049"]
[Annotator "NA RC"]
[PlyCount "37"]
[EventDate "2019.05.31"]
[EventType "swiss"]
[EventCountry "ROU"]
[SourceTitle "playchess.com"]
[Source "ChessBase"]
[SourceQuality "1"]
[TimeControl "40/5400+30:1800+30"]

1. e4 c5 2. Nf3 Nc6 3. Bb5 Qc7 4. O-O a6 5. Bxc6 dxc6 6. d4 cxd4 7. Qxd4 Bg4 8. Ne5 $16 Rd8 9. Qc3 Bh5 10. Bf4 Qc8 11. Nd2 Nf6 12. Rfe1 e6 13. Ndc4 Bc5 14. Nd3 Bd4 15. Qa3 Bg6 16. Nd6+ Rxd6 17. Qxd6 Ba7 18. Bg5 Nxe4 19. Qe7# 1-0

[Event "European School-ch 2019"]
[Site "Mamaia"]
[Date "2019.06.05"]
[Round "6.8"]
[White "Neshev, Nikola"]
[Black "Tinarlioglu, Emre"]
[Result "0-1"]
[ECO "B90"]
[WhiteElo "1370"]
[BlackElo "1907"]
[Annotator "NA RC"]
[PlyCount "54"]
[EventDate "2019.05.31"]
[EventType "swiss"]
[EventCountry "ROU"]
[SourceTitle "playchess.com"]
[Source "ChessBase"]
[SourceQuality "1"]
[TimeControl "40/5400+30:1800+30"]

1. e4 c5 2. Nf3 d6 3. d4 cxd4 4. Nxd4 Nf6 5. Nc3 a6 6. Bc4 e6 7. f3 Nbd7 {[%emt 0:03:01] B86: Sicilian Scheveningen/Najdorf: 6 Bc4, without early ...b5} 8. Be3 b5 $2 {[%emt 0:02:54] [#]} (8... Qc7 $11 9. Bb3 Be7) 9. Bb3 $2 ({White has to play} 9. Bxe6 $1 $18 Bb7 (9... fxe6 10. Nxe6) 10. Bb3) 9... Nc5 10. Qd2 (10. g4 Qc7 11. Qd2 Bd7 12. g5 Nh5 13. Nce2 a5 14. c3 Nxb3 15. axb3 e5 16. Nc2 Qb7 {1-0 (43) Fernandez Guillen,E (2401)-Quesada Perez,L (2510) Merida 2018}) 10... Bb7 11. O-O-O Be7 12. g4 Rc8 13. Kb1 Qc7 14. Rhe1 $146 ({Predecessor:} 14. g5 Nfd7 15. h4 Nb6 16. h5 b4 17. Nce2 Nxb3 18. axb3 {1-0 (31) Pinto,A (1935)-Cardani,R (1950) Bergamo 2009}) 14... Nfd7 15. Bg5 Nxb3 16. cxb3 Nf6 17. f4 b4 18. Nd5 exd5 19. exd5 $19 (19. Nf5 $1 $15 dxe4 20. Nxg7+ Kf8 21. Nf5) 19... O-O 20. Nf5 Bd8 21. Re3 Nxd5 22. Rh3 Bxg5 23. fxg5 Rfe8 24. Qd3 Nc3+ 25. bxc3 Be4 26. Qxe4 Rxe4 27. Nxd6 bxc3 0-1

[Event "European School-ch 2019"]
[Site "Mamaia"]
[Date "2019.06.05"]
[Round "6.10"]
[White "Ochedzan, Tymon"]
[Black "Radojicic, Aleksandar M"]
[Result "1-0"]
[ECO "B42"]
[WhiteElo "2064"]
[BlackElo "1906"]
[Annotator "NA RC"]
[PlyCount "103"]
[EventDate "2019.05.31"]
[EventType "swiss"]
[EventCountry "ROU"]
[SourceTitle "playchess.com"]
[Source "ChessBase"]
[SourceQuality "1"]
[TimeControl "40/5400+30:1800+30"]

1. e4 c5 2. Nf3 e6 3. d4 cxd4 4. Nxd4 a6 5. Bd3 Nf6 6. O-O Qc7 7. Qe2 d6 8. f4 Nbd7 9. c4 g6 {[%emt 0:01:06] B42: Sicilian: Kan Variation: 5 Bd3} (9... Be7 10. Nc3 O-O 11. Kh1 b6 12. Bd2 Re8 13. Rae1 Bb7 14. Nf3 e5 15. Nd5 Bxd5 16. cxd5 exf4 17. Bxf4 Bf8 18. Bg5 h6 19. Bxf6 Nxf6 {0-1 (42) Saric,I (2687)-Fedorchuk,S (2607) Bastia 2018}) 10. f5 e5 11. Ne6 fxe6 12. fxe6 Bg7 13. exd7+ Bxd7 14. Nc3 Bg4 $146 ({Predecessor:} 14... O-O 15. Be3 Be6 16. Rac1 Qd7 17. Nd5 Nxd5 18. Rxf8+ Rxf8 19. cxd5 {1-0 (31) Shyam,S (2534)-Stubberud,O (2248) Leiden 2017}) 15. Nd5 Qc5+ 16. Qe3 Nxd5 17. Qxc5 ({Much weaker is} 17. exd5 Qxe3+ 18. Bxe3 Rc8 $11) 17... dxc5 18. exd5 (18. cxd5 $16 Rc8 19. b3) 18... O-O-O 19. Bg5 Rde8 20. Be4 Rhf8 21. Be3 b6 22. Rae1 Bf5 23. Bf2 Kd7 24. h3 Kd6 25. Re2 Bxe4 26. Rxe4 Rc8 27. Rfe1 Rce8 28. b3 Rf5 29. Bg3 Rff8 30. Rf1 Rd8 31. Rf3 Rf5 32. Kf2 Rdf8 33. Bh2 R8f7 $14 34. Ree3 Bh6 35. Rxe5 Rxf3+ 36. gxf3 Kd7 37. Re6 b5 38. Rxa6 bxc4 39. bxc4 Rf8 40. Ra7+ Kc8 41. Rc7+ Kd8 42. Rxc5 Re8 43. Ra5 Be3+ 44. Kf1 Kd7 45. c5 Rc8 46. c6+ Ke8 47. Ke2 Bd4 48. Kd3 Bf2 49. Kc4 Kd8 50. Rb5 Ba7 51. Rb7 Ra8 52. c7+ 1-0

[Event "European School-ch 2019"]
[Site "Mamaia"]
[Date "2019.06.05"]
[Round "6.11"]
[White "Balan, Bogdan"]
[Black "Ovcharenko, Hryhoriy"]
[Result "1-0"]
[ECO "A41"]
[WhiteElo "2027"]
[BlackElo "1740"]
[Annotator "NA RC"]
[PlyCount "81"]
[EventDate "2019.05.31"]
[EventType "swiss"]
[EventCountry "ROU"]
[SourceTitle "playchess.com"]
[Source "ChessBase"]
[SourceQuality "1"]
[TimeControl "40/5400+30:1800+30"]

1. d4 d6 2. c4 e5 3. d5 f5 4. Nc3 Nf6 5. g3 Be7 6. Bg2 {[%emt 0:00:30] A41: 1 d4 d6: Tartakower System and Modern Defence} Nbd7 (6... O-O 7. Nf3 a5 8. e4 Na6 9. exf5 Bxf5 10. O-O Qd7 11. Ng5 Nc5 12. Be3 Ng4 13. Nge4 Nxe4 14. Nxe4 {1-0 (59) Ponkratov,P (2613)-Sjugirov,S (2650) Riadh 2017}) 7. Nf3 a5 8. O-O O-O 9. e4 $146 ({Predecessor:} 9. b3 Nc5 10. Qc2 f4 11. gxf4 exf4 12. Ba3 Ng4 13. Nd4 {0-1 (34) Hejazipour,M (2297)-Pourkashiyan,A (2312) Teheran 2014}) 9... fxe4 10. Ng5 Nc5 11. Ngxe4 Nfxe4 12. Nxe4 Nxe4 13. Bxe4 g6 14. Bh6 Rf7 15. Qc2 Bf5 16. f4 exf4 17. Rxf4 Bg5 18. Bxg5 Qxg5 19. Bxf5 Rxf5 20. Rxf5 Qxf5 21. Qxf5 gxf5 22. Rf1 Rf8 23. Kg2 Kg7 24. Re1 h6 (24... Kf7 $14) 25. Kf3 Rf7 26. Kf4 b6 27. b3 Kf8 28. Re6 Kg7 29. Re2 Kh7 30. a3 Kg6 31. b4 axb4 32. axb4 Kg7 33. c5 bxc5 34. bxc5 dxc5 35. Rc2 Kf6 $11 36. Rxc5 Rd7 37. h3 Rd6 38. h4 Rd7 39. Rc6+ Rd6 40. Rxd6+ cxd6 41. h5 1-0

[Event "European School-ch 2019"]
[Site "Mamaia"]
[Date "2019.06.05"]
[Round "6.12"]
[White "Dobre, Radu-Fabian"]
[Black "Silich, Yahor"]
[Result "0-1"]
[ECO "B31"]
[WhiteElo "1978"]
[BlackElo "2082"]
[Annotator "NA RC"]
[PlyCount "88"]
[EventDate "2019.05.31"]
[EventType "swiss"]
[EventCountry "ROU"]
[SourceTitle "playchess.com"]
[Source "ChessBase"]
[SourceQuality "1"]
[TimeControl "40/5400+30:1800+30"]

1. e4 c5 2. Nf3 Nc6 3. Bb5 g6 4. O-O Bg7 5. Re1 Nf6 6. e5 Nd5 7. Nc3 Nc7 8. Bxc6 dxc6 9. Ne4 Ne6 10. d3 O-O 11. Be3 b6 12. Qd2 Nd4 13. Nxd4 cxd4 14. Bh6 Qd7 {[%emt 0:11:47] B31: Sicilian: 2...Nc6 3 Bb5 g6} (14... c5 15. h4 Qd5 16. Bxg7 Kxg7 17. Ng3 Bb7 18. f3 Qe6 19. b3 {½-½ (19) Bacrot,E (2714)-Moiseenko,A (2699) Tromsoe 2013}) 15. Ng3 $146 ({Predecessor:} 15. Bxg7 Kxg7 16. Qg5 h6 17. Qh4 c5 18. e6 fxe6 19. Re2 Bb7 20. Rae1 Rae8 21. f3 Bd5 22. b3 {1-0 (40) Jurcik,M (2496)-Kamody,M (2244) Slovakia 2012}) 15... f5 16. exf6 exf6 17. Bxg7 Kxg7 18. Re2 Bb7 19. Rae1 Rae8 20. f4 c5 21. b3 Bd5 22. f5 g5 23. Nh5+ Kf7 24. c4 dxc3 25. Qxc3 Qd8 26. Rxe8 Rxe8 27. Rxe8 Kxe8 28. Nxf6+ Kf7 29. Nxd5 Qxd5 30. Qc4 Qxc4 31. dxc4 g4 32. Kf2 Kf6 33. Kg3 Kxf5 34. Kh4 Kf4 35. g3+ Kf3 36. Kg5 Kg2 37. Kxg4 Kxh2 38. Kf3 Kg1 39. g4 h6 40. Kg3 Kf1 41. Kh3 Kf2 42. Kh2 Kf3 43. Kh3 Kf4 44. Kh4 Ke4 $15 (44... Ke3 $19 45. Kh5 Kf3) 0-1

[Event "European School-ch 2019"]
[Site "Mamaia"]
[Date "2019.06.05"]
[Round "6.13"]
[White "Levin, Guy"]
[Black "Simonyan, Grigori"]
[Result "0-1"]
[ECO "A14"]
[WhiteElo "2054"]
[BlackElo "2019"]
[Annotator "NA RC"]
[PlyCount "100"]
[EventDate "2019.05.31"]
[EventType "swiss"]
[EventCountry "ROU"]
[SourceTitle "playchess.com"]
[Source "ChessBase"]
[SourceQuality "1"]
[TimeControl "40/5400+30:1800+30"]

1. Nf3 Nf6 2. c4 e6 3. g3 d5 4. Bg2 Be7 5. O-O O-O 6. b3 a5 7. Bb2 a4 8. d4 {[%emt 0:00:23] A14: English Opening: 1...e6 with b3 by White} (8. e3 axb3 9. Qxb3 Nc6 10. cxd5 Qxd5 11. Qxd5 exd5 12. Rc1 Bd8 13. Nc3 Nb4 14. Ne5 c6 15. a3 Na6 {1-0 (65) Tomashevsky,E (2714)-Buhmann,R (2589) Berlin 2018}) 8... c6 9. Nc3 $146 ({Predecessor:} 9. Nbd2 Qa5 10. Qc2 b5 11. c5 a3 12. Bc1 Nbd7 13. e4 Nxe4 14. Nxe4 dxe4 15. Qxe4 {½-½ (71) Girish,A (2412)-Nguyen,D (2504) Bhopal 2017}) 9... b5 10. cxb5 a3 11. Bc1 cxb5 12. Ne5 b4 13. Na4 Nfd7 14. Nd3 Nc6 15. e4 Qa5 16. exd5 exd5 17. Ndc5 (17. Re1 $14) 17... Nxc5 18. Nxc5 Nxd4 19. Qxd4 Bxc5 20. Qxd5 Ba6 21. Re1 Rad8 22. Qe5 Qb6 23. Be3 Bxe3 24. Qxe3 Qxe3 25. Rxe3 Rd2 26. Re4 Rb8 ({Black should play} 26... Rfd8 $17) 27. Bf1 f5 28. Re7 Bxf1 29. Kxf1 Rc8 30. Re2 Rcc2 31. Rxd2 Rxd2 32. Kg2 Kf7 33. Rc1 Rxa2 34. Rc4 Rb2 35. Rxb4 Rb1 36. Rb7+ Kf6 37. Ra7 Rxb3 38. Ra6+ Ke5 39. Ra7 Ke4 40. Rxg7 a2 41. f3+ Ke3 42. Re7+ Kd2 43. Ra7 Rb2 44. h4 Ke3+ 45. Kh3 Kxf3 46. Ra5 Ke2 47. h5 Kd1 48. Rxf5 Kc2 (48... Rb1 $142 49. Ra5 a1=Q 50. Rxa1 Rxa1) 49. Ra5 Kb1 50. Kg4 a1=Q 0-1

[Event "European School-ch 2019"]
[Site "Mamaia"]
[Date "2019.06.05"]
[Round "6.14"]
[White "Andreev, Konstantin"]
[Black "Tashev, Aleksandar"]
[Result "1/2-1/2"]
[ECO "A05"]
[WhiteElo "2276"]
[BlackElo "2119"]
[Annotator "RC"]
[PlyCount "64"]
[EventDate "2019.05.31"]
[EventType "swiss"]
[EventCountry "ROU"]
[SourceTitle "playchess.com"]
[Source "ChessBase"]
[SourceQuality "1"]
[TimeControl "40/5400+30:1800+30"]

1. Nf3 Nf6 2. c4 e6 3. e3 b6 4. b3 Bb7 5. Bb2 d5 6. cxd5 exd5 7. Be2 Bd6 8. O-O O-O 9. Nc3 a6 10. Rc1 Nbd7 11. Qc2 Re8 12. Rfd1 Ne4 13. d3 Ng5 14. Nd4 Qf6 15. Nf3 Qh6 16. h4 Nxf3+ 17. Bxf3 Ne5 18. Bxd5 c6 19. d4 Ng4 20. Bf3 Qxh4 21. Ne4 Bh2+ 22. Kf1 f5 23. Bxg4 fxe4 24. Bh3 a5 25. Rd2 Rf8 26. Ke1 Rxf2 27. Rxf2 Rf8 28. Kf1 Ba6+ 29. Ke1 Bg3 30. Qxc6 Bxf2+ 31. Kd2 Bxe3+ 32. Kxe3 Qf4# 1/2-1/2

[Event "European School-ch 2019"]
[Site "Mamaia"]
[Date "2019.06.05"]
[Round "6.15"]
[White "Nastore, Pavel-Alexandru"]
[Black "Dias, Savin"]
[Result "1-0"]
[ECO "E32"]
[WhiteElo "1942"]
[BlackElo "1858"]
[Annotator "NA RC"]
[PlyCount "105"]
[EventDate "2019.05.31"]
[EventType "swiss"]
[EventCountry "ROU"]
[SourceTitle "playchess.com"]
[Source "ChessBase"]
[SourceQuality "1"]
[TimeControl "40/5400+30:1800+30"]

1. d4 Nf6 2. c4 e6 3. Nc3 Bb4 4. Qc2 O-O 5. Nf3 c5 6. dxc5 Na6 7. g3 Nxc5 8. Bd2 b6 9. Bg2 Bb7 10. O-O h6 $146 {[%emt 0:05:17] E39: Nimzo-Indian: Classical: 4...c5 5 dxc5 0-0} ({Predecessor:} 10... Rc8 11. Nb5 Bxd2 12. Nxd2 Bxg2 13. Kxg2 a6 14. Nc3 d5 15. cxd5 exd5 16. Rad1 Qe7 17. Nf3 Nce4 18. Qd3 Nxc3 19. bxc3 {0-1 (46) Carleton,J (2293)-Gordon,S (2528) England 2017}) 11. Rfd1 Rc8 12. Ne5 Bxg2 13. Kxg2 Qc7 14. Nb5 Qxe5 15. Bxb4 a5 16. Bc3 Qe4+ 17. Qxe4 Ncxe4 18. Bxf6 Nxf6 19. Nd6 Rc7 20. b3 Rd8 21. Rd2 Kf8 22. Rad1 Ke7 23. e4 Ne8 $16 24. e5 f5 25. f4 g5 26. h4 g4 27. Kf2 Ra7 28. Nb5 Raa8 29. Ke3 Rac8 30. Rd4 Rc6 31. R1d3 Rcc8 32. a3 Nc7 33. Nd6 Rb8 34. Nf7 Na6 35. Nxd8 Rxd8 36. Rd6 Nc5 37. Rxb6 Nxd3 38. Kxd3 Ra8 39. Kd4 Kd8 40. c5 Kc7 41. Kc4 Ra7 42. Kb5 Ra8 43. b4 axb4 44. Kxb4 Ra7 45. a4 Ra8 46. a5 Ra7 47. a6 Ra8 48. Kb5 Ra7 49. h5 Ra8 50. Rb7+ Kc8 51. Kb6 Kd8 52. a7 Kc8 53. c6 1-0

[Event "European School-ch 2019"]
[Site "Mamaia"]
[Date "2019.06.05"]
[Round "6.16"]
[White "Baranciuc, Alexandr"]
[Black "Triboi, Alexander"]
[Result "1/2-1/2"]
[ECO "B03"]
[WhiteElo "1900"]
[BlackElo "1748"]
[Annotator "NA RC"]
[PlyCount "137"]
[EventDate "2019.05.31"]
[EventType "swiss"]
[EventCountry "ROU"]
[SourceTitle "playchess.com"]
[Source "ChessBase"]
[SourceQuality "1"]
[TimeControl "40/5400+30:1800+30"]

1. e4 Nf6 2. e5 Nd5 3. d4 d6 4. c4 Nb6 5. exd6 exd6 6. Nc3 Be7 7. Bd3 O-O 8. Nge2 Nc6 9. O-O Nb4 {[%emt 0:02:10] B03: Alekhine's Defence: Four Pawns Attack} 10. Bb1 c6 11. b3 d5 12. c5 Nd7 13. Bf4 $146 ({Predecessor:} 13. Ng3 g6 14. Bh6 Re8 15. a3 {0-1 (34) Lomasov,S (2516)-Gordievsky,D (2610) Khanty-Mansiysk 2017}) 13... Re8 14. Qd2 Na6 15. a3 Nc7 16. Bg3 Nf8 17. h3 Bf6 18. Bc2 Nfe6 19. Qd3 g6 20. Bd6 Ng7 21. g4 h5 22. f3 Bg5 23. Nf4 Bxf4 24. Bxf4 Nce6 25. Bg3 f5 26. Ne2 Qf6 27. Rae1 Bd7 28. Be5 Qh4 29. Kg2 Qg5 30. f4 Qd8 31. g5 Qe7 (31... Bc8 $142) 32. Nc3 Qd8 33. b4 Bc8 34. Ba4 Bd7 35. Bf6 Qc7 36. Be5 Qd8 37. Bf6 Qc7 38. Be5 Qd8 39. Bb3 Bc8 40. Kh2 Kf7 41. Ne2 Kg8 42. Ng1 Nf8 (42... b6 $16) 43. Nf3 Be6 44. Rb1 Bd7 45. a4 Be6 46. Qc2 Nd7 47. b5 Kh7 48. bxc6 bxc6 {[%emt 0:00:04] [#]} 49. Bd6 $1 a5 50. Ba2 Ra7 51. Ne5 Nxe5 52. Bxe5 Bd7 53. Rb6 Kg8 (53... Qe7 $16 54. Qd2 Ne6) 54. Rfb1 Ra8 $2 (54... Ne6 {keeps fighting.} 55. Qg2 Kf7) 55. Rb7 Ne6 56. Rb8 Rxb8 57. Rxb8 Qe7 58. Qb1 Rxb8 59. Qxb8+ Qe8 60. Qa7 Kf7 {[%emt 0:01:39] [#]} 61. Bxd5 $11 ({Less strong is} 61. Qxa5 Nxf4 62. Qc3 Ne6 $14) ({White has to play} 61. Kg3 $1 $18) 61... cxd5 62. c6 $1 {[%emt 0:00:01] Pin} Ke7 63. cxd7 Qxd7 64. Qxa5 Qb7 65. Qb5 Qxb5 66. axb5 Kd7 67. Kg3 Kc8 68. Kf3 Kd7 69. Kg3 1/2-1/2